 Dungeon Crawl Stone Soup version 0.18-a0-596-g6468885 (webtiles) character file.

228 4thArraOfDagon the Scratcher (level 5, -1/22 HPs)
             Began as a Felid Fighter on Dec 3, 2015.
             Slain by an orc warrior
             ... wielding a cursed +0 trident
              (18 damage)
             ... on level 6 of the Dungeon.
             The game lasted 00:05:57 (1159 turns).

4thArraOfDagon the Scratcher (Felid Fighter)        Turns: 1159, Time: 00:05:57

Health: -1/22      AC:  2    Str: 12    XL:     5   Next: 71%
Magic:  6/6        EV: 21    Int:  6    God:
Gold:   81         SH:  0    Dex: 18    Spells: 0 memorised, 4 levels left
                                        Lives:  0   Deaths: 1

rFire  . . .     SeeInvis +       - Unarmed
rCold  . . .     Rnd*Rage +     (armour unavailable)
rNeg   . . .     SustAt   .     (shield unavailable)
rPois  .         Gourm    .     (helmet unavailable)
rElec  .         Spirit   .     (cloak unavailable)
rCorr  .         Dismiss  .     (gloves unavailable)
rMut   .         Stasis   .     (boots unavailable)
MR     +....                    (no amulet)
Stlth  ++++......               (no ring)
                                c - -3 ring of intelligence

@: quick, somewhat resistant to hostile enchantments, stealthy
A: no armour, no weapons or thrown items, claws 1, fangs 3, see invisible,
berserk 1, carnivore 3, speed 1, frail 1, magic resistance 1, mutation
resistance 1, shaggy fur 2, slow metabolism 1, spit poison 1, sharp paws
a: Spit Poison


You were on level 6 of the Dungeon.
You were not hungry.

You visited 1 branch of the dungeon, and saw 7 of its levels.

You collected 153 gold pieces.
You spent 72 gold pieces at shops.

Inventory:

Jewellery
 c - a -3 ring of intelligence (left paw)
Wands
 e - a wand of random effects (11)
Scrolls
 a - a scroll of fog
 f - 2 scrolls of teleportation
 g - a scroll of identify
Potions
 i - a potion of magic
 k - a potion of brilliance
Comestibles
 b - a meat ration


   Skills:
 + Level 4.1 Fighting
 + Level 5.5 Dodging
 * Level 5.3 Stealth
 * Level 5.7 Unarmed Combat


You had 4 spell levels left.
You didn't know any spells.

Dungeon Overview and Level Annotations

Branches:
Dungeon (8/15)
 Temple: D:4-7         Lair: D:8-11

Altars:
Fedhas
Qazlal
Ru
Xom

Shops:
D:7 *


Innate Abilities, Weirdness & Mutations

You cannot wear armour.
You are incapable of wielding weapons or throwing items.
You have sharp claws.
You have razor-sharp teeth.
You have supernaturally acute eyesight.
You are carnivorous and can eat meat at any time.
You cover ground quickly.
You are covered in thick fur (AC +2).
You have a slow metabolism.
Your sharp claws are effective at attacking unaware monsters.
You tend to lose your temper in combat.
You are frail (-10% HP).
You are resistant to hostile enchantments.
You are somewhat resistant to further mutation.
You can spit weak poison.


Message History

A mysterious force pulls you upwards. The hatch slams shut behind you.
All of the chunks of flesh in your inventory have rotted away.
An orc comes into view. It is wielding a hand axe.
You scratch the orc.
The orc is heavily wounded.
The orc hits you with a hand axe.
You claw the orc!
You kill the orc!
You see here a hand axe.
Unknown command.
Unknown command.
Unknown command.
Unknown command.
Unknown command.
The helpless orc warrior fails to defend itself.
You mangle the orc warrior!!
The orc warrior is almost dead.
The orc warrior hits you with a trident!!
Ouch! That really hurt!
You die...

## # #.#. ##8###8#
#.#.
###8.[.8...8##...
####.........##.##
#o#>........._#...
#.##.......[.##.##
#%##8...8...8##.##
#o# ##8###8# #...
#@# ## # #### #.#
# ##.# # #..# #
#.## # #)# # #.# #
#.# # ##.####### #


You could see an orc warrior and an orc wizard (sleeping).

Vanquished Creatures
  A hippogriff (D:7)
  A phantom (D:7)
  A giant frog (D:6)
  A hound (D:7)
  A worker ant (D:5)
  A hound zombie (D:6)
  A gnoll (D:7)
  3 adders
  An ooze (D:2)
  A worm (D:2)
  4 giant geckos
  An orc (D:6)
  A ball python (D:1)
  8 bats
  6 goblins
  4 hobgoblins
  2 jackals (D:1)
  3 kobolds
  A giant gecko zombie (D:7)
  3 giant newts
  A quokka skeleton (D:7)
46 creatures vanquished.

Vanquished Creatures (others)
  13 toadstools (D:2)
13 creatures vanquished.

Grand Total: 59 creatures vanquished

Notes
Turn   | Place    | Note
--------------------------------------------------------------
     0 | D:1      | 4thArraOfDagon the Felid Fighter began the quest for the Orb.
     0 | D:1      | Reached XP level 1. HP: 10/10 MP: 2/2
   135 | D:1      | Reached skill level 1 in Stealth
   142 | D:1      | Reached XP level 2. HP: 11/14 MP: 3/3
   476 | D:2      | Found a blossoming altar of Fedhas.
   483 | D:2      | Reached XP level 3. HP: 12/17 MP: 4/4
   525 | D:2      | Gained mutation: You are resistant to hostile enchantments. [potion of mutation]
   525 | D:2      | Gained mutation: You tend to lose your temper in combat. [potion of mutation]
   525 | D:2      | Gained mutation: You can spit weak poison. [potion of mutation]
   630 | D:3      | You fall through a shaft for 3 floors!
   652 | D:6      | Noticed a giant frog
   659 | D:6      | Killed a giant frog
   659 | D:6      | Reached skill level 5 in Dodging
   659 | D:6      | Reached XP level 4. HP: 21/21 MP: 5/5
   667 | D:6      | Found a stormy altar of Qazlal.
   720 | D:6      | Found a sacrificial altar of Ru.
   755 | D:6      | Reached XP level 5. HP: 21/24 MP: 6/6
   759 | D:5      | Entered Level 5 of the Dungeon
   800 | D:6      | Found a shimmering altar of Xom.
   863 | D:7      | Noticed a hippogriff
   864 | D:7      | Reached skill level 5 in Unarmed Combat
   875 | D:7      | Killed a hippogriff
   875 | D:7      | Gained mutation: You are covered in thick fur (AC +2). [Felid growth]
   875 | D:7      | Reached XP level 6. HP: 28/28 MP: 7/7
   950 | D:7      | Found Muohoap's Assorted Antiques.
   957 | D:7      | Reached skill level 5 in Stealth
   973 | D:7      | Bought a potion of mutation for 72 gold pieces
   973 | D:7      | Gained mutation: You are frail (-10% HP). [potion of mutation]
   973 | D:7      | Gained mutation: You are somewhat resistant to further mutation. [potion of mutation]
  1081 | D:7      | Slain by a giant frog
  1082 | D:7      | Reached XP level 5. HP: 0/22 MP: 6/6
  1159 | D:6      | Slain by an orc warrior

Vault maps used:
D:1:      mainiacjoe_arrival_reflecting_pool, minmay_statues_item
D:2:      tgw_fedhas, grunt_dithmenos_smoke_and_mirrors, first_bread
D:3:      tgw_trog, gup_sewer_entry_spiral, serial_bayou, serial_bayou_pond_a,
          serial_bayou_shore_b, serial_bayou_crossing, serial_bayou_shore_b,
          uniq_terence
D:5:      enter_ossuary_2, uniq_edmund, uniq_eustachio, uniq_sigmund
D:6:      xom_butterflies, nicolae_qazlal_general_emergency,
          nicolae_overflow_hidden_temple, uniq_pikel, uniq_grinder
D:7:      lemuel_blue_sif_altar, minmay_temple_entry_butterflies, serial_shops,
          shop_statue
D:8:      corexii_shantytown, serial_shops, kennysheep_mini_moat,
          grunt_ogre_cave

Action                   |  1- 3 |  4- 6 || total
-------------------------+-------+-------++-------
Melee: Unarmed           |    77 |    62 ||   139
  Use: Potion            |     6 |     1 ||     7
       Scroll            |     7 |     1 ||     8
 Stab: Sleeping          |     5 |     3 ||     8
  Eat: Chunk             |     7 |     1 ||     8
